 Dungeon Crawl Stone Soup version 0.31-a0-1068-g5939ac1 (webtiles) character file.

Game seed: 9222389045812458588

1969871 UncleanOne the Shapeless Merfolk (level 24, 208/208 HPs)
             Began as a Merfolk Fighter on Nov 24, 2023.
             Was an Initiate of Gozag.
             Escaped with the Orb
             ... and 3 runes!
             The game lasted 01:04:31 (45659 turns).

UncleanOne the Shapeless Merfolk (Merfolk Fighter) Turns: 45659, Time: 01:04:32

Health: 208/208    AC: 15    Str: 24    XL:     24   Next: 48%
Magic:  23/23      EV: 51    Int: 10    God:    Gozag
Gold:   2976       SH:  0    Dex: 18    Spells: 23/23 levels left

rFire   + +          .
                       - Unarmed
rCold   + . .        P - melded +3 warlock's mirror {omnireflect}
rNeg    + + .        h - melded +3 leather armour {rPois}
rPois   ∞            E - melded +2 hat
rElec   +            (cloak currently unavailable)
rCorr   .            (gloves currently unavailable)
SInv    +            K - melded +1 pair of boots "Hattav" {Will+}
Will    ++++.        V - amulet of the Four Winds {rN+ Will+++ Clar}
Stlth   +            Z - ring "Kiekhir" {rC+ Int+3 Dex-2 SInv}
HPRegen 0.54/turn    f - ring of Goapey {rElec rF++ rN+ Str+3}
MPRegen 0.18/turn

%: clarity
@: storm-form, flying
A: cleaving, insubstantial, flying, (nimble swimmer 2), (mertail), (iridescent
scales 1), sense surroundings 1, inhibited regeneration, (heat vulnerability 1)
0: Orb of Zot
}: 3/15 runes: decaying, serpentine, silver
a: Blinkbolt, Begin Untransformation, Renounce Religion, Potion Petition, Call
Merchant, Bribe Branch


You escaped.
You worshipped Gozag.
Gozag was most pleased with you.
You were a lightning-filled tempest!
You visited 8 branches of the dungeon, and saw 44 of its levels.
You also visited: Ossuary, Bailey, Gauntlet and Desolation.

You collected 23710 gold pieces.
You spent 6680 gold pieces at shops.
You paid 14054 gold pieces to Gozag.

Inventory:

Missiles
 a - 10 throwing nets
 n - 30 poisoned darts
Armour
 h - a +3 leather armour of poison resistance (melded)
 E - a +2 hat (melded)
 K - the +1 pair of boots "Hattav" (melded) {Will+}
   (You found it in a Gauntlet)

   Will+:     It increases your willpower.
 P - the +3 warlock's mirror (melded) {omnireflect}
   (You found it on level 5 of the Lair of Beasts)

   Omnireflect: It can block and reflect piercing ranged attacks and magical
   attacks against the wielder's willpower.
Jewellery
 f - the ring of Goapey (right fist) {rElec rF++ rN+ Str+3}
   (You bought it in a shop on level 4 of the Snake Pit)

   [ring of positive energy]

   Str+3:     It affects your strength (+3).
   rF++:      It greatly protects you from fire.
   rElec:     It insulates you from electricity.
   rN+:       It protects you from negative energy.
 l - a ring of protection from cold
 p - the amulet of Vanity {Spirit rC+ SInv}
   (You found it on level 12 of the Dungeon)

   [amulet of guardian spirit]

   Spirit:    It causes incoming damage to be divided between your reserves of
   health and magic.
   rC+:       It protects you from cold.
   SInv:      It lets you see invisible.
 D - the amulet "Gyubleheqe" {Rampage rC+ Regen+}
   (You took it off a frost giant on level 5 of the Vaults)

   [amulet of regeneration]

   rC+:       It protects you from cold.
   Regen+:    It increases your rate of health regeneration.
   Rampage:   It bestows one free step when moving towards enemies.
 R - an amulet of the acrobat
 V - the amulet of the Four Winds (around neck) {rN+ Will+++ Clar}
   (You took it off a deep elf sorcerer on level 5 of the Vaults)

   [amulet of nothing]

   rN+:       It protects you from negative energy.
   Will+++:   It greatly increases your willpower.
   Clar:      It protects you from confusion, rage, mesmerisation and fear.
 Y - the amulet "Uzuempol" {rElec rF+ Regen+ Str-2}
   (You found it in the Desolation of Salt)

   [amulet of regeneration]

   Str-2:     It affects your strength (-2).
   rF+:       It protects you from fire.
   rElec:     It insulates you from electricity.
   Regen+:    It increases your rate of health regeneration.
 Z - the ring "Kiekhir" (left fist) {rC+ Int+3 Dex-2 SInv}
   (You found it in the Desolation of Salt)

   [ring of see invisible]

   Int+3:     It affects your intelligence (+3).
   Dex-2:     It affects your dexterity (-2).
   rC+:       It protects you from cold.
   SInv:      It lets you see invisible.
Talismans
 j - a storm talisman (active)
Wands
 c - a wand of mindburst (32)
 m - a wand of polymorph (42)
 q - a wand of quicksilver (15)
 u - a wand of charming (22)
 y - a wand of roots (25)
 C - a wand of digging (14)
 M - a wand of flame (49)
Scrolls
 b - 13 scrolls of teleportation
 e - 7 scrolls of amnesia
 i - 4 scrolls of immolation
 k - a scroll of fog
 o - a scroll of revelation
 r - 26 scrolls of identify
 t - 2 scrolls of torment
 w - 2 scrolls of fear
 x - 3 scrolls of blinking
 G - 2 scrolls of silence
 J - 7 scrolls of vulnerability
 Q - 4 scrolls of poison
Potions
 g - 7 potions of brilliance
 s - 12 potions of curing
 v - 4 potions of attraction
 z - 6 potions of resistance
 A - 6 potions of heal wounds
 H - a potion of invisibility
 I - 6 potions of enlightenment
 L - 4 potions of lignification
 N - 9 potions of ambrosia
 O - 2 potions of cancellation
 S - 4 potions of haste
 T - 3 potions of berserk rage
 X - 3 potions of might
Miscellaneous
 d - a lightning rod (4/4)
 B - a sack of spiders
 F - a tin of tremorstones (2/2)
 W - a phantom mirror


   Skills:
 + Level 21.0 Fighting
 - Level 19.7 Polearms
 - Level 2.1 Armour
 - Level 18.6 Dodging
 - Level 3.0 Shields
 + Level 25.4 Unarmed Combat
 O Level 27 Shapeshifting


You had 23 spell levels left.
You didn't know any spells.
Your spell library contained the following spells:

 Spells                   Type           Power      Damage    Failure   Level
 Apportation              Tloc           0%         N/A       36%         1
 Freeze                   Ice            0%         1d3       36%         1
 Magic Dart               Conj           0%         1d3       36%         1
 Necrotise                Necr           0%         1d4       36%         1
 Sandblast                Erth           0%         2d4       36%         1
 Summon Small Mammal      Summ           0%         N/A       36%         1
 Blink                    Tloc           0%         N/A       50%         2
 Call Imp                 Summ           0%         N/A       50%         2
 Ensorcelled Hibernation  Hex/Ice        0%         N/A       50%         2
 Jinxbite                 Hex            0%         N/A       50%         2
 Lesser Beckoning         Tloc           0%         N/A       50%         2
 Momentum Strike          Conj/Tloc      0%         3d8       50%         2
 Passwall                 Tmut/Erth      0%         N/A       50%         2
 Scorch                   Fire           0%         2d5       50%         2
 Confusing Touch          Hex            0%         N/A       75%         3
 Frozen Ramparts          Ice            0%         1d1       75%         3
 Gell's Gravitas          Tloc           0%         N/A       75%         3
 Hailstorm                Conj/Ice       0%         3d3       75%         3
 Ignite Poison            Fire/Tmut/Pois 0%         N/A       75%         3
 Inner Flame              Hex/Fire       0%         N/A       75%         3
 Mephitic Cloud           Conj/Pois/Air  0%         N/A       75%         3
 Ozocubu's Armour         Ice            0%         N/A       75%         3
 Stone Arrow              Conj/Erth      0%         3d7       75%         3
 Teleport Other           Tloc           0%         N/A       75%         3
 Tukima's Dance           Hex            0%         N/A       75%         3
 Vampiric Draining        Necr           0%         2d6       75%         3
 Anguish                  Hex/Necr       0%         N/A       98%         4
 Animate Armour           Summ/Erth      0%         N/A       98%         4
 Brom's Barrelling Bould  Conj/Erth      0%         2d3       98%         4
 Dimensional Bullseye     Hex/Tloc       0%         N/A       98%         4
 Dispel Undead            Necr           0%         3d6       98%         4
 Flame Wave               Conj/Fire      0%         2d4       98%         4
 Iskenderun's Mystic Bla  Conj/Tloc      0%         2d3       98%         4
 Leda's Liquefaction      Hex/Erth       0%         N/A       98%         4
 Manifold Assault         Tloc           0%         N/A       98%         4
 Olgreb's Toxic Radiance  Pois           0%         N/A       98%         4
 Passage of Golubria      Tloc           0%         N/A       98%         4
 Summon Ice Beast         Ice/Summ       0%         N/A       98%         4
 Vhi's Electric Charge    Tloc/Air       0%         N/A       98%         4
 Agony                    Necr           0%         N/A       100%        5
 Alistair's Intoxication  Tmut/Pois      0%         N/A       100%        5
 Arcjolt                  Conj/Air       0%         1d10      100%        5
 Lee's Rapid Deconstruct  Erth           0%         3d4*      100%        5
 Metabolic Englaciation   Hex/Ice        0%         N/A       100%        5
 Bombard                  Conj/Erth      0%         9d1       100%        6
 Conjure Ball Lightning   Conj/Air       0%         3x3d6     100%        6
 Dispersal                Tloc           0%         N/A       100%        6
 Eringya's Noxious Bog    Tmut/Pois      0%         4d6       100%        6
 Plasma Beam              Fire/Air       0%         2x1d10    100%        6
 Summon Cactus Giant      Summ           0%         N/A       100%        6
 Discord                  Hex            0%         N/A       100%        8
 Disjunction              Tloc           0%         N/A       100%        8
 Ignition                 Fire           0%         3d3       100%        8
 Lehudib's Crystal Spear  Conj/Erth      0%         10d2      100%        8
 Chain Lightning          Conj/Air       0%         N/A       100%        9
 Fire Storm               Conj/Fire      0%         5d1       100%        9
 Shatter                  Erth           0%         3d5*      100%        9
 Simulacrum               Ice/Necr       Unusable   N/A       N/A         6

Dungeon Overview and Level Annotations

Branches:
Dungeon (15/15)            Temple (0/1) D:6            Lair (5/5) D:8
  Swamp (4/4) Lair:2        Snake (4/4) Lair:3        Slime (0/5) Lair:5
    Orc (2/2) D:10            Elf (0/3) Orc:2        Vaults (5/5) D:14
  Crypt (0/3) Vaults:2     Depths (4/4) D:15            Zot (5/5) Depths:4
Ossuary (visited)          Bailey (visited)         Desolation (visited)
Gauntlet (visited)

Altars:
Cheibriados
Dithmenos
Elyvilon
Gozag
Kikubaaqudgha
Makhleb
Nemelex Xobeh
Qazlal
Sif Muna
Trog
Uskayaw
Vehumet
Wu Jian
Xom
Yredelemnul
Zin
The Shining One
Jiyva

Shops:
D:9 ?   D:11 (=(=   D:12 !*   Orc:2 ([=   Snake:2 *   Snake:4 =*   Vaults:5 [
Depths:1 (**   Depths:4 **![

Portals:
Hell: Depths:2 Depths:3
Abyss: Depths:3
Pandemonium: Depths:2
Trove: Depths:2 (give +6 ice dragon scales)

Annotations:
D:5 1 runed translucent door, PurpleRed's ghost, amateur MeDe
D:9 2 runed translucent doors, wqsa789's ghost, novice GnFi
Lair:3 exclusion: 3 oklob plants


Innate Abilities, Weirdness & Mutations

You are a lightning-filled tempest!
Your electrical attacks strike out in all directions at once.
You are incredibly evasive.
Your insubstantial body is immune to petrification, constriction, and being set on fire You are flying.
Your armour is entirely melded.
You are incapable of wielding weapons or throwing items.
You are immune to poison.
((You are very nimble when in or above water. (Stealth+, EV+, Speed+++)))
((Your lower body shifts to a powerful aquatic tail in water.))
((You are partially covered in iridescent scales. (AC +2)))
You passively map a small area around you.
You do not regenerate when monsters are visible.
((You are vulnerable to heat. (rF-)))


Message History

You barely miss the neqoxec.
The neqoxec is severely wounded.
You blast the neqoxec!!!!
Lightning courses through the neqoxec!
You kill the neqoxec!
What level of the Dungeon? (default 1, ? - help)
You feel energetic enough to blinkbolt again.
Things that are here:
a +0 robe; a +0 scythe; a +0 flail A tormentor comes into view.
There is a stone staircase leading up here.
You fly upwards.
There is a stone staircase leading down here.
What level of the Dungeon? (default 1, ? - help)
A hellion comes into view.
The shock of your passage hits the hellion!!!!
You kill the hellion!
You blink.
No target in view!
No target in view!
No target in view!
What level of the Dungeon? (default 1, ? - help)
There is a stone staircase leading up here.
You fly upwards.
There is a stone staircase leading down here.
You feel energetic enough to blinkbolt again.
There is a stone staircase leading up here.
You fly upwards.
There is a stone staircase leading down here.
There is a stone staircase leading up here.
You fly upwards.
There is a stone staircase leading down here.
As you read the scroll of teleportation, it crumbles to dust.
You feel strangely unstable.
You feel the Orb delaying your translocation!
You start waiting.
Your surroundings suddenly seem different.
Blink to where?
Press: ? - help, Q - select action, (/) - cycle Dir - move target
As you read the scroll of blinking, it crumbles to dust.
You have escaped!

#≈≈≈~~~~≈≈≈≈#
#≈≈≈~..~~≈≈≈#
#≈~~....~~≈≈#
#≈~.~.....~≈#
#≈~≈......~≈#
#~~.......~≈#
#~..(~~~...≈#
#~~..~≈~..~~#
#~..≈~~v~...#
#~.~~.~~~...#
#....~~≈~...#
#..~~≈≈≈~~..####
#.≈≈.≈≈≈~~..#..#
#..~~.~..~~.#..#
#####
#...~.≈.~~..#..#
#.)..
#..~.~.~~...#..#
#...)
#...~...~......#
#######


There were no monsters in sight!

Vanquished Creatures
  A dread lich (Vaults:5)
  2 orbs of fire
  An ancient lich (Vaults:5)
  A juggernaut (Depths:3)
  5 caustic shrikes (Depths:4)
  Frederick (Depths:4)
  7 golden dragons
  Nikola (Swamp:2)
  the Enchantress (Depths:2)
  Norris (Depths:3)
  An electric golem (Zot:5)
  10 tentacled monstrosities
  3 Orb Guardians (Zot:5)
  A lich (Depths:4)
  Asterion (Vaults:1)
  5 quicksilver dragons
  3 titans (Vaults:5)
  4 sphinxes
  A death cob (Zot:3)
  Kirke (Lair:4)
  Gastronok (D:10)
  5 tengu reavers
  Aizul (Snake:1)
  5 shadow dragons
  7 storm dragons
  5 draconian monks
  A thorn hunter (Swamp:3)
  13 fire giants
  Donald (Swamp:4)
  A draconian knight (Zot:2)
  3 nagarajas (Snake:4)
  7 frost giants
  16 vault wardens
  An imperial myrmidon (Desolation)
  A ghost moth (Zot:3)
  3 draconian shifters (Zot:4)
  4 draconian scorchers
  A deep elf sorcerer (Vaults:5)
  6 spriggan defenders
  14 ironbound preservers
  A draconian annihilator (Zot:4)
  17 very ugly things
  3 angels
  2 draconian stormcallers
  2 war gargoyles (Vaults:5)
  5 orc warlords
  2 formless jellyfish
  6 ironbound thunderhulks
  4 black draconians
  7 stone giants
  2 green draconians
  A vampire knight (Depths:3)
  2 eleionomae (Swamp:2)
  2 deep elf demonologists (Vaults:5)
  6 white draconians
  3 red draconians
  4 yellow draconians
  4 bunyips
  5 purple draconians
  A minotaur (shapeshifter) (Depths:2)
  2 deep elf annihilators (Vaults:5)
  2 crystal guardians
  2 spark wasps (Depths:4)
  Azrael (D:13)
  A dire elephant (Lair:5)
  Snorg (D:10)
  A deep elf death mage (Vaults:4)
  4 halazid warlocks (Desolation)
  6 fire dragons
  14 ettins
  2 entropy weavers
  3 merfolk impalers
  The ghost of Boogie the Cleaver, a journeyman MiBe of Trog (D:12)
  A fire dragon (shapeshifter) (Depths:4)
  8 ragged hierophants (Desolation)
  A salamander tyrant (Snake:2)
  Harold (D:9)
  13 yaktaur captains
  8 great orbs of eyes
  9 servants of whispers (Desolation)
  24 vault guards (Vaults:5)
  4 ghost crabs
  10 rakshasas
  7 peacekeepers
  20 hydras
  Fannar (Orc:1)
  5 ice dragons
  2 catoblepae (Lair:5)
  4 spriggan air magi
  3 ogre magi
  3 boulder beetles
  5 ironbound frosthearts
  28 centaur warriors
  7 alligators
  7 death yaks
  19 two-headed ogres
  5 anacondas
  8 naga sharpshooters
  6 deep troll shamans
  A vampire mage (Depths:4)
  7 naga warriors
  5 deep troll earth magi
  A tengu warrior (Depths:2)
  5 shock serpents
  3 spriggan berserkers
  2 orc high priests
  Nergalle (D:12)
  2 occultists
  A sun demon (D:12)
  5 salamander mystics
  4 skysharks
  A fire crab (shapeshifter) (D:13)
  9 hell knights (Depths:2)
  8 skeletal warriors (D:15)
  A cherub (Depths:4)
  3 naga ritualists (Snake:4)
  48 deep trolls
  7 iron trolls
  3 flayed ghosts
  A spriggan druid (Swamp:2)
  3 glowing orange brains
  8 large abominations (Depths:3)
  5 phantasmal warriors
  3 goliath frogs
  Pikel (D:8)
  6 bog bodies
  A deep troll (shapeshifter) (Depths:3)
  13 ironbound convokers
  11 lindwurms
  5 swamp dragons
  3 necromancers
  4 arcanists
  2 orc knights (Vaults:4)
  A wolf spider (D:15)
  A deep elf zephyrmancer (D:15)
  2 deep elf pyromancers (D:14)
  8 mana vipers
  A wolf spider zombie (D:15)
  7 will-o-the-wisps
  An oklob plant (Lair:5)
  7 cyclopes
  3 orc sorcerers
  Maurice (D:13)
  A wolf spider (shapeshifter) (Depths:3)
  15 elephants
  39 ugly things
  14 salamanders
  21 vault sentinels
  A rust devil (Depths:2)
  25 black mambas
  6 moths of wrath
  8 naga magi
  8 guardian serpents
  A torpor snail (Gauntlet)
  9 cane toads
  A centaur skeleton (D:15)
  Psyche (D:10)
  4 gargoyles
  3 rime drakes
  2 unseen horrors (Depths:3)
  A hellion (D:4)
  44 yaktaurs
  7 komodo dragons
  Jeremiah (D:8)
  Maggie (D:10)
  4 freezing wraiths
  4 tengu conjurers (Depths:4)
  18 trolls
  A queen bee (Lair:3)
  5 polar bears
  7 tyrant leeches
  4 bloated husks
  48 saltlings (Desolation)
  8 hornets
  Grinder (D:5)
  10 blink frogs
  2 glass eyes (Depths:4)
  18 slime creatures
  A jumping spider (shapeshifter) (D:14)
  Sigmund (D:5)
  3 centaur simulacra
  43 yaks
  7 spriggans
  A vampire (D:12)
  2 wyverns
  16 water elementals
  6 fire bats (Swamp:4)
  A shadow (D:10)
  2 wraiths (D:12)
  7 hogs (Lair:4)
  Grum (D:10)
  4 fire elementals (D:12)
  A neqoxec (D:5)
  A golden eye (shapeshifter) (D:14)
  A hog (shapeshifter) (D:15)
  3 basilisks
  A steam dragon (shapeshifter) (Vaults:5)
  12 vampire mosquitoes
  2 chaos spawn (Depths:3)
  A redback (shapeshifter) (Depths:3)
  4 redbacks
  Edmund (D:5)
  7 wargs
  2 swamp worms (shapeshifter)
  14 swamp worms
  20 water moccasins
  3 small abominations (Depths:3)
  41 nagas
  2 hell hounds
  21 orc warriors
  A sky beast (D:6)
  2 black bears
  13 swamp drakes
  3 ice beasts
  A hornet zombie (Ossuary)
  4 boggarts (Vaults:1)
  17 centaurs
  23 ogres
  15 wolves
  A phantom (D:5)
  4 kobold brigands
  11 bullfrogs
  2 wyvern zombies (Ossuary)
  10 gnoll sergeants
  8 wights
  30 killer bees
  An electric eel (Lair:5)
  8 centaur zombies
  7 bullfrog zombies (Ossuary)
  A crimson imp (D:4)
  7 hounds
  3 jellies
  9 gnoll boudas
  10 orc priests
  An iguana (D:4)
  Terence (D:2)
  23 orc wizards
  A boggart skeleton (D:15)
  2 killer bee zombies (Ossuary)
  11 mummies (Ossuary)
  3 howler monkey zombies (Ossuary)
  Robin (D:3)
  30 gnolls
  7 adders
  2 shadow imps
  4 white imps
  4 worms
  2 dart slugs
  51 orcs
  4 ball pythons
  8 endoplasms
  A giant cockroach (D:1)
  16 goblins
  9 hobgoblins
  2 jackals (D:3)
  4 quokkas
  2 bats (D:1)
  5 frilled lizards
  23 kobolds
  5 rats
1678 creatures vanquished.

Vanquished Creatures (collateral kills)
  A Killer Klown (Zot:5)
  A golden dragon (Zot:5)
  6 Orb Guardians (Zot:5)
  A quicksilver dragon (Zot:5)
  A minotaur (Gauntlet)
  2 moths of wrath (Zot:5)
12 creatures vanquished.

Vanquished Creatures (others)
  A dread lich (Zot:5)
  An orb of fire (Zot:5)
  A Killer Klown (Zot:5)
  13 Orb Guardians (Zot:5)
  A storm dragon (Zot:4)
  A draconian knight (Zot:5)
  A will-o-the-wisp (Swamp:4)
  A moth of wrath (Zot:5)
  3 bloated husks
  A tyrant leech (Swamp:3)
  A redback (Vaults:5)
  A swamp worm (Swamp:4)
  A swamp drake (Swamp:1)
  An orc wizard (D:4)
  18 foxfires
46 creatures vanquished.

Grand Total: 1736 creatures vanquished

Notes
Turn   | Place    | Note
-------+----------+-------------------------------------------
     0 | D:1      | UncleanOne the Merfolk Fighter began the quest for the Orb.
     0 | D:1      | Reached XP level 1. HP: 18/18 MP: 1/1
   135 | D:1      | Reached XP level 2. HP: 18/24 MP: 2/2
   410 | D:1      | Reached XP level 3. HP: 25/30 MP: 3/3
   621 | D:2      | Noticed Terence
   631 | D:2      | Killed Terence
   724 | D:2      | Reached XP level 4. HP: 22/37 MP: 4/4
   834 | D:2      | Reached skill level 5 in Polearms
  1158 | D:3      | Noticed Robin
  1723 | D:3      | Reached XP level 5. HP: 41/43 MP: 5/5
  1840 | D:3      | Killed Robin
  1870 | D:3      | Found a hide-covered altar of Uskayaw.
  2154 | D:4      | Found a shimmering altar of Xom.
  2155 | D:4      | Found a burning altar of Makhleb.
  2306 | D:4      | Found a bloodstained altar of Trog.
  2674 | D:4      | Found a stormy altar of Qazlal.
  2736 | D:4      | Reached XP level 6. HP: 50/50 MP: 6/6
  2742 | D:4      | Found a glowing silver altar of Zin.
  2796 | D:4      | Gained mutation: You are dopey. (Int -2) [potion of
                  | mutation]
  2796 | D:4      | Gained mutation: Your skin changes colour to match your
                  | surroundings (Stealth+). [potion of mutation]
  2796 | D:4      | Gained mutation: Your natural rate of healing is unusually
                  | fast. [potion of mutation]
  2796 | D:4      | Gained mutation: You are partially covered in iridescent
                  | scales. (AC +2) [potion of mutation]
  2802 | D:4      | Reached skill level 5 in Fighting
  2942 | D:5      | Entered Level 5 of the Dungeon
  2986 | D:5      | Noticed a hornet
  3068 | D:6      | Noticed a water moccasin
  3078 | D:6      | Noticed a sky beast
  3088 | D:6      | Found a shadowy altar of Dithmenos.
  3100 | D:6      | Killed a sky beast
  3103 | D:6      | Found an opulent altar of Gozag.
  3104 | D:6      | Noticed an ice beast
  3117 | D:6      | Killed an ice beast
  3118 | D:6      | Reached XP level 7. HP: 56/57 MP: 7/7
  3122 | D:6      | Became a worshipper of Gozag Ym Sagoz the Greedy
  3230 | D:6      | Found a staircase to the Ecumenical Temple.
  3250 | D:6      | Found an ornate altar of the Wu Jian Council.
  3337 | D:5      | Found a sparkling altar of Nemelex Xobeh.
  3404 | D:5      | Reached XP level 8. HP: 48/65 MP: 8/8
  3509 | D:6      | Reached skill level 10 in Polearms
  3769 | D:5      | Noticed Sigmund
  3771 | D:5      | Paralysed by a hornet for 2 turns
  3879 | D:5      | Noticed Grinder
  3889 | D:5      | Killed Grinder
  3970 | D:5      | Paralysed by a hornet for 1 turns
  3974 | D:5      | Killed a hornet
  3986 | D:5      | Killed Sigmund
  3987 | D:5      | Reached XP level 9. HP: 36/74 MP: 9/9
  4060 | D:5      | Noticed Edmund
  4072 | D:5      | Killed Edmund
  4398 | D:5      | Found a runed translucent door.
  4401 | D:5      | Noticed PurpleRed's ghost (amateur MeDe)
  5259 | D:8      | Found a staircase to the Lair.
  5340 | D:8      | Reached XP level 10. HP: 51/83 MP: 10/10
  5442 | D:8      | Reached skill level 15 in Polearms
  5448 | D:8      | Found a sand-covered staircase.
  5460 | Ossuary  | Entered an ossuary
  5841 | Ossuary  | Reached skill level 10 in Fighting
  6198 | D:8      | Noticed Pikel
  6208 | D:8      | Killed Pikel
  6278 | D:8      | Noticed Jeremiah
  6301 | D:8      | Killed Jeremiah
  6333 | D:8      | Found a snail-covered altar of Cheibriados.
  6524 | D:9      | Found a flagged portal.
  6556 | Bailey   | Entered a bailey
  6767 | Bailey   | Reached XP level 11. HP: 89/92 MP: 11/11
  6851 | Bailey   | Identified the amulet of Pidwegeb {Spirit rElec}
  6982 | Bailey   | Got the Writings on Reformed Illusion
  7059 | D:9      | Bought a scroll of identify for 24 gold pieces
  7059 | D:9      | Bought a scroll of enchant weapon for 90 gold pieces
  7059 | D:9      | Bought a scroll of teleportation for 36 gold pieces
  7059 | D:9      | Bought a scroll of revelation for 90 gold pieces
  7059 | D:9      | Bought a scroll of poison for 48 gold pieces
  7281 | D:9      | Noticed Harold
  7293 | D:9      | Killed Harold
  7397 | D:9      | Found a large runed translucent door.
  7399 | D:9      | Found a large runed translucent door.
  7402 | D:9      | Noticed wqsa789's ghost (novice GnFi)
  7552 | D:9      | Found a shimmering blue altar of Sif Muna.
  7634 | D:10     | Entered Level 10 of the Dungeon
  7640 | D:10     | Noticed Snorg
  7653 | D:10     | Killed Snorg
  7672 | D:10     | Noticed Grum
  7694 | D:10     | Killed Grum
  7813 | D:10     | Noticed Maggie
  7826 | D:10     | Killed Maggie
  8098 | D:10     | Found an ancient bone altar of Kikubaaqudgha.
  8102 | D:10     | Noticed Gastronok
  8199 | D:10     | Killed Gastronok
  8326 | D:10     | Noticed Psyche
  8339 | D:10     | Killed Psyche
  8477 | D:10     | Reached XP level 12. HP: 99/103 MP: 12/12
  8543 | D:10     | Found a staircase to the Orcish Mines.
  8666 | D:11     | Found Qeisu's Antique Weapon Boutique.
  8842 | D:11     | Found Kenebief's Jewellery Boutique.
  8962 | D:11     | Found Fuqazez's Jewellery Boutique.
  9045 | D:11     | Noticed a two-headed ogre
  9054 | D:11     | Killed a two-headed ogre
  9271 | D:11     | Noticed a two-headed ogre
  9276 | D:11     | Killed a two-headed ogre
  9510 | D:12     | Noticed a boulder beetle
  9511 | D:12     | Noticed a two-headed ogre
  9526 | D:12     | Killed a two-headed ogre
  9567 | D:12     | Killed a boulder beetle
  9794 | D:12     | Found a large runed translucent door.
  9794 | D:12     | Found a large runed translucent door.
  9796 | D:12     | Noticed Boogie's ghost (journeyman MiBe)
  9878 | D:12     | Identified the amulet of Vanity {Spirit rC+ SInv}
  9950 | Orc:1    | Entered Level 1 of the Orcish Mines
  9954 | Orc:1    | Noticed an orc warlord
  9956 | Orc:1    | Noticed Fannar
  9977 | Orc:1    | Killed an orc warlord
 10000 | Orc:1    | Killed Fannar
 10001 | Orc:1    | Reached skill level 15 in Fighting
 10375 | D:11     | Bought a granite talisman for 960 gold pieces
 10524 | Orc:1    | Reached skill level 1 in Shapeshifting
 10579 | Orc:1    | Noticed an orc high priest
 10582 | Orc:1    | Gained mutation: You occasionally lose the ability to read
                  | scrolls when taking damage. [a neqoxec]
 10591 | Orc:1    | Paralysed by an orc sorcerer for 3 turns
 10620 | Orc:1    | Reached skill level 2 in Shapeshifting
 10630 | Orc:1    | Killed an orc high priest
 10631 | Orc:1    | Reached skill level 3 in Shapeshifting
 10635 | Orc:1    | Reached skill level 4 in Shapeshifting
 10751 | Orc:2    | Entered Level 2 of the Orcish Mines
 10751 | Orc:2    | Noticed a two-headed ogre
 10751 | Orc:2    | Noticed a two-headed ogre
 10751 | Orc:2    | Noticed an ogre mage
 10751 | Orc:2    | Noticed an orc high priest
 10751 | Orc:2    | Found Behuwef's Magic Scroll Boutique.
 10751 | Orc:2    | Found a staircase to the Elven Halls.
 10802 | Orc:2    | Reached skill level 5 in Shapeshifting
 10817 | Orc:2    | Reached XP level 13. HP: 81/116 MP: 7/13
 10818 | Orc:2    | Lost mutation: You are dopey. (Int -2) [potion of mutation]
 10818 | Orc:2    | Lost mutation: Your natural rate of healing is unusually
                  | fast. [potion of mutation]
 10818 | Orc:2    | Lost mutation: Your skin changes colour to match your
                  | surroundings (Stealth+). [potion of mutation]
 10818 | Orc:2    | Gained mutation: You are frail. (-10% HP) [potion of
                  | mutation]
 10819 | Orc:2    | Lost mutation: You are frail. (-10% HP) [potion of
                  | mutation]
 10819 | Orc:2    | Lost mutation: You are partially covered in iridescent
                  | scales. (AC +2) [potion of mutation]
 10819 | Orc:2    | Gained mutation: You have a somewhat thin skeletal
                  | structure. (Dex +2, Stealth+) [potion of mutation]
 10819 | Orc:2    | Gained mutation: Your body sometimes deteriorates upon
                  | taking damage. [potion of mutation]
 10918 | Orc:2    | Paralysed by an ogre mage for 5 turns
 10934 | Orc:2    | Reached skill level 6 in Shapeshifting
 11082 | Orc:2    | Reached skill level 7 in Shapeshifting
 11158 | Orc:2    | Reached skill level 8 in Shapeshifting
 11374 | Orc:2    | Reached skill level 9 in Shapeshifting
 11630 | Orc:2    | Reached skill level 10 in Shapeshifting
 11887 | Orc:2    | Reached skill level 11 in Shapeshifting
 12262 | Orc:2    | Reached skill level 12 in Shapeshifting
 12620 | Orc:2    | Found Wuca Far's Jewellery Emporium.
 12623 | Orc:2    | Found Lydope's Antique Armour Shop.
 12626 | Orc:2    | Found Ponipn's Antique Weapon Shop.
 12628 | Orc:2    | Bought a storm talisman for 1280 gold pieces
 12958 | Lair:1   | Entered Level 1 of the Lair of Beasts
 13025 | Lair:1   | Found a gate leading to a gauntlet.
 13031 | Gauntlet | Entered a Gauntlet
 13031 | Gauntlet | Found a transporter.
 13040 | Gauntlet | Found a transporter.
 13042 | Gauntlet | Found a transporter.
 13053 | Gauntlet | Found a transporter.
 13057 | Gauntlet | Found a transporter.
 13079 | Gauntlet | Found a transporter.
 13086 | Gauntlet | Found a runed translucent gate.
 13087 | Gauntlet | Found a transporter.
 13087 | Gauntlet | Found a runed translucent gate.
 13088 | Gauntlet | Found a runed translucent gate.
 13098 | Gauntlet | Found a transporter.
 13108 | Gauntlet | Found a runed translucent door.
 13109 | Gauntlet | Found a transporter.
 13110 | Gauntlet | Found a runed translucent door.
 13128 | Gauntlet | Found a transporter.
 13142 | Gauntlet | Found a transporter.
 13144 | Gauntlet | Found a transporter.
 13274 | Gauntlet | Reached skill level 1 in Unarmed Combat
 13282 | Gauntlet | Found a transporter.
 13401 | Gauntlet | Reached skill level 13 in Shapeshifting
 13421 | Gauntlet | Identified the +0 pair of boots of Spaghetti {SInv}
 13605 | Gauntlet | Noticed a minotaur
 13620 | Gauntlet | Killed a minotaur
 13629 | Gauntlet | Identified the +1 pair of boots "Hattav" {Will+}
 13782 | Lair:1   | You fall into a shaft and drop 1 floor!
 13806 | Lair:2   | Reached XP level 14. HP: 68/123 MP: 8/14
 14403 | Lair:1   | Reached skill level 14 in Shapeshifting
 14842 | Lair:2   | Found a staircase to the Swamp.
 15657 | Lair:3   | Reached skill level 5 in Unarmed Combat
 15838 | Lair:3   | Reached skill level 15 in Shapeshifting
 15840 | Lair:3   | Found a staircase to the Snake Pit.
 16085 | Lair:3   | Reached skill level 16 in Shapeshifting
 16774 | Lair:4   | Noticed Kirke
 16793 | Lair:4   | Reached skill level 17 in Shapeshifting
 16806 | Lair:4   | Killed Kirke
 17207 | Lair:4   | Reached XP level 15. HP: 129/129 MP: 15/15
 17408 | Lair:4   | Reached skill level 18 in Shapeshifting
 17565 | Lair:5   | Entered Level 5 of the Lair of Beasts
 17770 | Lair:5   | Found the necklace of Bloodlust {Fury *Rage Will++ Int-3
                  | Slay+6}
 17773 | Lair:5   | Found a staircase to the Slime Pits.
 17773 | Lair:5   | Found a viscous altar of Jiyva.
 18030 | Lair:5   | Reached skill level 19 in Shapeshifting
 18534 | Lair:5   | Found the +3 warlock's mirror {omnireflect}
 19125 | D:12     | Killed Boogie's ghost
 19227 | D:12     | Lost mutation: You occasionally lose the ability to read
                  | scrolls when taking damage. [potion of mutation]
 19227 | D:12     | Lost mutation: You have a somewhat thin skeletal structure.
                  | (Dex +2, Stealth+) [potion of mutation]
 19227 | D:12     | Lost mutation: Your body sometimes deteriorates upon taking
                  | damage. [potion of mutation]
 19227 | D:12     | Gained mutation: You are resistant to electric shocks.
                  | (rElec) [potion of mutation]
 19227 | D:12     | Gained mutation: You are clumsy. (Dex -2) [potion of
                  | mutation]
 19227 | D:12     | Gained mutation: Armour fits poorly on your strangely
                  | shaped body. [potion of mutation]
 19227 | D:12     | Gained mutation: Your spells are a little harder to cast,
                  | but a little more powerful. [potion of mutation]
 19261 | D:12     | Reached skill level 20 in Shapeshifting
 19273 | D:12     | Noticed Nergalle
 19296 | D:12     | Killed Nergalle
 19544 | D:12     | Found Pogamoch's Assorted Antiques.
 19549 | D:12     | Bought a potion of mutation for 288 gold pieces
 19549 | D:12     | Bought a dark potion for 32 gold pieces
 19553 | D:12     | Bought a potion of curing for 51 gold pieces
 19553 | D:12     | Bought a potion of haste for 170 gold pieces
 19553 | D:12     | Bought a potion of curing for 51 gold pieces
 19553 | D:12     | Bought a potion of mutation for 136 gold pieces
 19553 | D:12     | Bought a potion of mutation for 136 gold pieces
 19553 | D:12     | Bought 2 potions of curing for 102 gold pieces
 19619 | D:12     | Lost mutation: You are resistant to electric shocks.
                  | (rElec) [potion of mutation]
 19619 | D:12     | Lost mutation: You are clumsy. (Dex -2) [potion of
                  | mutation]
 19619 | D:12     | Gained mutation: You have hidden genetic defects. [potion
                  | of mutation]
 19619 | D:12     | Gained mutation: You occasionally lose the ability to read
                  | scrolls when taking damage. [potion of mutation]
 19619 | D:12     | Gained mutation: Your body sometimes deteriorates upon
                  | taking damage. [potion of mutation]
 19620 | D:12     | Lost mutation: You have hidden genetic defects. [potion of
                  | mutation]
 19620 | D:12     | Lost mutation: Your spells are a little harder to cast, but
                  | a little more powerful. [potion of mutation]
 19620 | D:12     | Lost mutation: Your body sometimes deteriorates upon taking
                  | damage. [potion of mutation]
 19620 | D:12     | Gained mutation: You sometimes lose the ability to read
                  | scrolls when taking damage. [potion of mutation]
 19620 | D:12     | Gained mutation: You are strong-willed. (Will+) [potion of
                  | mutation]
 19621 | D:12     | Lost mutation: Armour fits poorly on your strangely shaped
                  | body. [potion of mutation]
 19621 | D:12     | Lost mutation: You sometimes lose the ability to read
                  | scrolls when taking damage. [potion of mutation]
 19621 | D:12     | Gained mutation: You are clumsy. (Dex -2) [potion of
                  | mutation]
 19621 | D:12     | Lost mutation: You are clumsy. (Dex -2) [potion of
                  | mutation]
 20141 | D:13     | Noticed Azrael
 20408 | D:13     | HP: 8/167 [centaur/arrow[a centaur warrior] (8)]
 20422 | D:13     | Killed Azrael
 20424 | D:13     | Noticed Maurice
 20441 | D:13     | Maurice stole a lightning rod (1/4)
 20443 | D:13     | Killed Maurice
 21843 | D:14     | Reached skill level 21 in Shapeshifting
 21843 | D:14     | Reached XP level 16. HP: 136/136 MP: 16/16
 22552 | D:14     | Found a gate to the Vaults.
 22558 | D:14     | Identified the +1 ring mail "Vearifoq" {Slay+2}
 22632 | D:15     | Entered Level 15 of the Dungeon
 23047 | D:15     | Found a staircase to the Depths.
 23078 | D:15     | Lost mutation: You occasionally lose the ability to read
                  | scrolls when taking damage. [potion of mutation]
 23078 | D:15     | Lost mutation: You are strong-willed. (Will+) [potion of
                  | mutation]
 23078 | D:15     | Gained mutation: You passively dampen the noise of your
                  | surroundings. [potion of mutation]
 23078 | D:15     | Gained mutation: You have hidden genetic defects. [potion
                  | of mutation]
 23078 | D:15     | Gained mutation: Your muscles are strong. (Str +4, Int/Dex
                  | -1) [potion of mutation]
 23404 | D:15     | Reached skill level 22 in Shapeshifting
 24197 | D:11     | Bought a ring of protection from fire for 400 gold pieces
 24396 | Snake:1  | Entered Level 1 of the Snake Pit
 24559 | Snake:1  | Found a snail-covered altar of Cheibriados.
 24717 | Snake:1  | Gained mutation: You occasionally lose the ability to drink
                  | potions when taking damage. [hidden defects]
 24843 | Snake:1  | Identified the serpent talisman "Mazxuw" {Fly rElec rC+}
 24843 | Snake:1  | Noticed Aizul
 24856 | Snake:1  | Killed Aizul
 25109 | Snake:2  | Identified the +0 falchion "Eckumirch" {freeze, Dex+4
                  | Stlth-}
 25322 | Snake:2  | Identified a scroll of acquirement
 25337 | Snake:2  | Acquired 551 gold pieces
 25340 | Snake:2  | Bought a scroll of revelation for 315 gold pieces
 25340 | Snake:2  | Bought a scroll of blinking for 315 gold pieces
 25475 | Snake:2  | Gained mutation: Your body sometimes deteriorates upon
                  | taking damage. [hidden defects]
 25475 | Snake:2  | Lost mutation: You have hidden genetic defects. [hidden
                  | defects expressed]
 25801 | Snake:2  | Reached skill level 10 in Unarmed Combat
 25801 | Snake:2  | Reached skill level 23 in Shapeshifting
 26379 | Snake:3  | Reached skill level 1 in Dodging
 26523 | Snake:3  | Reached XP level 17. HP: 142/142 MP: 17/17
 27082 | Snake:3  | Reached skill level 5 in Dodging
 27633 | Snake:4  | Entered Level 4 of the Snake Pit
 27638 | Snake:4  | Bought the ring of Goapey {rElec rF++ rN+ Str+3} for 751
                  | gold pieces
 27876 | Snake:4  | Found Nitsor's Assorted Antiques.
 27938 | Snake:4  | Bought a scroll of blinking for 225 gold pieces
 27938 | Snake:4  | Bought a potion of heal wounds for 150 gold pieces
 28321 | Snake:4  | Noticed a quicksilver dragon
 28327 | Snake:4  | Killed a quicksilver dragon
 28585 | Snake:4  | Reached skill level 24 in Shapeshifting
 28686 | Snake:4  | Got a serpentine rune of Zot
 29031 | Swamp:1  | Entered Level 1 of the Swamp
 29031 | Swamp:1  | Found a burning altar of Makhleb.
 29541 | Swamp:2  | Noticed a tentacled monstrosity
 29546 | Swamp:2  | Killed a tentacled monstrosity
 29637 | Swamp:2  | Noticed Nikola
 29653 | Swamp:2  | Killed Nikola
 29935 | Swamp:2  | Reached skill level 25 in Shapeshifting
 30042 | Swamp:3  | Noticed a tentacled monstrosity
 30049 | Swamp:3  | Killed a tentacled monstrosity
 30050 | Swamp:3  | Reached XP level 18. HP: 122/149 MP: 13/18
 30758 | Swamp:4  | Entered Level 4 of the Swamp
 30906 | Swamp:4  | Got the Elucidation of Blasting
 31210 | Swamp:4  | Reached skill level 26 in Shapeshifting
 31546 | Swamp:4  | Noticed Donald
 31553 | Swamp:4  | Killed Donald
 31817 | Swamp:4  | Got the Encyclopedia of Feculent Glamour
 31968 | Swamp:4  | Got a decaying rune of Zot
 32279 | Vaults:1 | Entered Level 1 of the Vaults
 32327 | Vaults:1 | Reached skill level 27 in Shapeshifting
 32946 | Vaults:1 | Reached skill level 10 in Dodging
 33034 | Vaults:1 | Noticed Asterion
 33038 | Vaults:1 | Killed Asterion
 33075 | Vaults:1 | Reached XP level 19. HP: 138/155 MP: 17/19
 33631 | Vaults:2 | Found a staircase to the Crypt.
 33631 | Vaults:2 | Found a basalt altar of Yredelemnul.
 33631 | Vaults:2 | Found an ancient bone altar of Kikubaaqudgha.
 34276 | Vaults:2 | Identified the +9 rapier "Paip" {flame, rElec rC+}
 35353 | Vaults:3 | Lost mutation: You passively dampen the noise of your
                  | surroundings. [potion of mutation]
 35353 | Vaults:3 | Lost mutation: You occasionally lose the ability to drink
                  | potions when taking damage. [potion of mutation]
 35353 | Vaults:3 | Lost mutation: Your muscles are strong. (Str +4, Int/Dex
                  | -1) [potion of mutation]
 35353 | Vaults:3 | Gained mutation: You are clumsy. (Dex -2) [potion of
                  | mutation]
 35353 | Vaults:3 | Gained mutation: Your flesh is cold resistant. (rC+)
                  | [potion of mutation]
 35353 | Vaults:3 | Gained mutation: You have an increased reservoir of magic.
                  | (+10% MP) [potion of mutation]
 35363 | Vaults:3 | Reached skill level 15 in Unarmed Combat
 35630 | Vaults:3 | Identified the +12 mace of Doubt {elec, Int+4}
 36118 | Vaults:4 | Found a white marble altar of Elyvilon.
 36125 | Vaults:4 | Found a crumbling gateway.
 36127 | Vaults:4 | Found a glowing golden altar of the Shining One.
 36127 | Vaults:4 | Found a glowing silver altar of Zin.
 36230 | Desolati | Entered the Desolation of Salt
 36258 | Desolati | Reached XP level 20. HP: 163/163 MP: 22/22
 36265 | Desolati | Identified the amulet of Valautriof {Acrobat -Tele Int+7}
 36276 | Desolati | Identified the amulet "Uzuempol" {rElec rF+ Regen+ Str-2}
 36288 | Desolati | Identified the ring "Kiekhir" {rC+ Int+3 Dex-2 SInv}
 36754 | Desolati | Identified the +6 hand cannon "Yreff" {drain, rC+ rN+
                  | rCorr}
 36755 | Desolati | Identified the ring of Teypolei {Contam Will+ Str+4 Slay+5}
 36769 | Desolati | Identified the +7 arbalest of Qulit {elec, rN+ rCorr Int-4}
 36776 | Desolati | Identified the +5 long sword of Sunlight {flame, rElec
                  | rPois rF- Int-3}
 36924 | Desolati | Got the Anthology of Profane Secrets
 36931 | Desolati | Identified the +12 dagger "Ampy" {pain, Dex+3}
 36932 | Desolati | Identified the +3 scale mail of the Bouncing Teeth {Int+3}
 37174 | Vaults:4 | Reached skill level 15 in Dodging
 38137 | Vaults:5 | Entered Level 5 of the Vaults
 38208 | Vaults:5 | Identified the amulet "Gyubleheqe" {Rampage rC+ Regen+}
 38235 | Vaults:5 | Reached XP level 21. HP: 40/169 MP: 10/23
 38243 | Vaults:5 | Noticed a dread lich
 38243 | Vaults:5 | Identified the ring "Diwuc" {Ice rN+ Dex-5 SInv}
 38244 | Vaults:5 | Identified the +6 rapier of Destiny {freeze, rF+}
 38262 | Vaults:5 | Killed a dread lich
 39181 | Vaults:5 | Noticed an ancient lich
 39191 | Vaults:5 | Killed an ancient lich
 39219 | Vaults:5 | Noticed a golden dragon
 39240 | Vaults:5 | Killed a golden dragon
 39272 | Vaults:5 | Reached XP level 22. HP: 72/176 MP: 18/24
 39619 | Vaults:5 | Got a silver rune of Zot
 39784 | Vaults:5 | Found Laes's Antique Armour Emporium.
 39828 | Vaults:5 | Gained mutation: Your body often deteriorates upon taking
                  | damage. [mutagenic glow]
 39873 | Vaults:5 | Got Nuniucw's Commentary on the Compass and Evolution
 40240 | Vaults:5 | Identified the staff "Neatuhiff" {+Blink rF+ rC- Int+3
                  | Fire}
 40656 | Depths:1 | Entered Level 1 of the Depths
 40719 | Depths:1 | Found Ivagreta's General Store.
 40721 | Depths:1 | Found Daolliv's Assorted Antiques.
 40724 | Depths:1 | Found Umaapaiw's Weapon Shop.
 40785 | Depths:1 | Bought a scroll of teleportation for 99 gold pieces
 40899 | Depths:2 | You are sucked into a shaft and drop 1 floor!
 41006 | Depths:2 | Noticed the Enchantress
 41273 | Depths:2 | Killed the Enchantress
 41884 | Depths:2 | Found a portal to a secret trove of treasure.
 42117 | Depths:2 | Found a one-way gate leading to the halls of Pandemonium.
 42259 | Depths:2 | Found a gateway to Hell.
 42295 | Depths:3 | Noticed Norris
 42306 | Depths:3 | Killed Norris
 42500 | Depths:3 | Noticed a juggernaut
 42511 | Depths:3 | Killed a juggernaut
 42548 | Depths:3 | Noticed a golden dragon
 42571 | Depths:3 | Killed a golden dragon
 42572 | Depths:3 | Reached XP level 23. HP: 126/190 MP: 25/25
 42831 | Depths:3 | Found a one-way gate to the infinite horrors of the Abyss.
 42958 | Depths:4 | Entered Level 4 of the Depths
 42979 | Depths:4 | Noticed Frederick
 43012 | Depths:4 | Killed Frederick
 43182 | Depths:4 | Found a radiant altar of Vehumet.
 43206 | Depths:4 | Found Visupt's Round Resellers.
 43345 | Depths:4 | Identified the +0 leather armour "Saurefow" {Will+ Int+3
                  | Slay+4 Stlth-}
 43366 | Depths:4 | Found Xiedetui's Armour Shoppe.
 43368 | Depths:4 | Found Xukkuxt's Distillery.
 43370 | Depths:4 | Found Reyqec's Assorted Antiques.
 43392 | Depths:4 | Bought a potion of heal wounds for 195 gold pieces
 43397 | Depths:4 | Bought a potion of mutation for 184 gold pieces
 43397 | Depths:4 | Bought a potion of might for 92 gold pieces
 43397 | Depths:4 | Bought 2 potions of heal wounds for 230 gold pieces
 43397 | Depths:4 | Bought a potion of resistance for 230 gold pieces
 43411 | Depths:4 | Noticed a caustic shrike
 43411 | Depths:4 | Noticed a caustic shrike
 43412 | Depths:4 | Noticed a caustic shrike
 43412 | Depths:4 | Noticed a caustic shrike
 43412 | Depths:4 | Noticed a caustic shrike
 43416 | Depths:4 | Killed a caustic shrike
 43427 | Depths:4 | Killed a caustic shrike
 43432 | Depths:4 | Killed a caustic shrike
 43433 | Depths:4 | Killed a caustic shrike
 43447 | Depths:4 | Killed a caustic shrike
 44040 | Depths:4 | Found a gate to the Realm of Zot.
 44046 | Zot:1    | Entered Level 1 of the Realm of Zot
 44046 | Zot:1    | Noticed a golden dragon
 44052 | Zot:1    | Killed a golden dragon
 44075 | Zot:2    | Noticed a golden dragon
 44081 | Zot:2    | Noticed an orb of fire
 44082 | Zot:2    | Killed a golden dragon
 44094 | Zot:2    | Gained mutation: You occasionally lose the ability to read
                  | scrolls when taking damage. [an orb of fire]
 44098 | Zot:2    | Killed an orb of fire
 44173 | Zot:3    | Noticed a golden dragon
 44189 | Zot:3    | Noticed a golden dragon
 44195 | Zot:3    | Killed a golden dragon
 44199 | Zot:3    | Killed a golden dragon
 44387 | Zot:4    | Noticed a golden dragon
 44389 | Zot:4    | Killed a golden dragon
 44400 | Zot:4    | Reached XP level 24. HP: 171/204 MP: 25/25
 44607 | Zot:5    | Entered Level 5 of the Realm of Zot
 44903 | Zot:5    | Noticed a dread lich
 44926 | Zot:5    | Killed a dread lich
 44965 | Zot:5    | Noticed an orb of fire
 44966 | Zot:5    | Noticed a Killer Klown
 44988 | Zot:5    | Noticed an orb of fire
 44993 | Zot:5    | Noticed an orb of fire
 45169 | Zot:5    | Noticed an orb of fire
 45171 | Zot:5    | Noticed an orb of fire
 45172 | Zot:5    | Noticed a Killer Klown
 45177 | Zot:5    | Noticed an ancient lich
 45179 | Zot:5    | Gained mutation: You are very clumsy. (Dex -4) [an orb of
                  | fire]
 45184 | Zot:5    | Got the Orb of Zot
 45184 | Zot:5    | Gained mutation: You do not regenerate when monsters are
                  | visible. [an orb of fire]
 45184 | Zot:5    | Noticed an orb of fire
 45185 | Zot:5    | Noticed an orb of fire
 45187 | Zot:5    | Noticed an orb of fire
 45187 | Zot:5    | Noticed an orb of fire
 45189 | Zot:5    | Killed an orb of fire
 45199 | Zot:5    | Killed a Killer Klown
 45212 | Zot:4    | Lost mutation: You have an increased reservoir of magic.
                  | (+10% MP) [potion of mutation]
 45212 | Zot:4    | Lost mutation: Your flesh is cold resistant. (rC+) [potion
                  | of mutation]
 45213 | Zot:4    | Lost mutation: Your body often deteriorates upon taking
                  | damage. [potion of mutation]
 45213 | Zot:4    | Lost mutation: You are very clumsy. (Dex -4) [potion of
                  | mutation]
 45213 | Zot:4    | Gained mutation: You are partially covered in iridescent
                  | scales. (AC +2) [potion of mutation]
 45214 | Zot:4    | Lost mutation: Your body sometimes deteriorates upon taking
                  | damage. [potion of mutation]
 45214 | Zot:4    | Lost mutation: You are clumsy. (Dex -2) [potion of
                  | mutation]
 45214 | Zot:4    | Gained mutation: Your mind is acute. (Int +4, Str/Dex -1)
                  | [potion of mutation]
 45214 | Zot:4    | Gained mutation: You are mostly covered in iridescent
                  | scales. (AC +4) [potion of mutation]
 45214 | Zot:4    | Gained mutation: You expend magic power (3 MP) to
                  | strengthen your wands. [potion of mutation]
 45215 | Zot:4    | Lost mutation: You are mostly covered in iridescent scales.
                  | (AC +4) [potion of mutation]
 45215 | Zot:4    | Lost mutation: You occasionally lose the ability to read
                  | scrolls when taking damage. [potion of mutation]
 45215 | Zot:4    | Lost mutation: You expend magic power (3 MP) to strengthen
                  | your wands. [potion of mutation]
 45215 | Zot:4    | Gained mutation: Your movements are slightly less
                  | encumbered by armour. (ER -2) [potion of mutation]
 45239 | Zot:4    | Lost mutation: Your mind is acute. (Int +4, Str/Dex -1)
                  | [potion of mutation]
 45239 | Zot:4    | Lost mutation: Your movements are slightly less encumbered
                  | by armour. (ER -2) [potion of mutation]
 45239 | Zot:4    | Lost mutation: You are partially covered in iridescent
                  | scales. (AC +2) [potion of mutation]
 45239 | Zot:4    | Gained mutation: You are partially covered in iridescent
                  | scales. (AC +2) [potion of mutation]
 45239 | Zot:4    | Gained mutation: You are vulnerable to heat. (rF-) [potion
                  | of mutation]
 45239 | Zot:4    | Gained mutation: You passively map a small area around you.
                  | [potion of mutation]
 45659 | D:$      | Escaped with the Orb!

Illustrated notes

Levels and vault maps discovered:
D:1:      dpeg_arrival_more_subterranean_lakeside_camping, layout_rooms
D:2:      layout_rooms, minmay_misc_feat_tower, uniq_terence
D:3:      layout_rooms, nicolae_uskayaw_dance_hall, uniq_robin
D:4:      layout_basic, mainiacjoe_overflow_concentric_impassable,
          lemuel_round_altar, marbit_many_paths,
          grunt_temple_overflow_champion_of_chaos, reono_crystal_passage,
          kennysheep_boxes
D:5:      kennysheep_big_flooded_room, layout_rooms,
          mainiacjoe_overflow_24_doors, ebering_ghost_sewer_d,
          chequers_arboretum, sigmund_edmund_badplayer, uniq_grinder
D:6:      layout_loops_ring, lemuel_tele_altar, grunt_dithmenos_smoke,
          mainiacjoe_overflow_paths, nzn_wu_jian_contemplation, tso_altar,
          minmay_temple_entry_enclosed_plants
D:7:      layout_rooms
D:8:      layout_loops_ring, chei_slow_surprise, lair_entry_dummy,
          nicolae_ossuary_entry_ruins, uniq_jeremiah, uniq_pikel
D:9:      layout_rooms, lemuel_blue_sif_altar, ebering_ghost_disaster_area,
          lightli_bailey_entry_fortress, uniq_harold
D:10:     layout_irregular_city, kiku_gazebo_garden_becter, david_orc_4,
          st_stairs_12, bh_walls_and_bars, uniq_grum, uniq_maggie,
          uniq_gastronok, uniq_snorg, uniq_psyche
D:11:     layout_grid_maze, serial_shops, shop, shop,
          nicolae_shop_real_fake_doors, shop_coins
D:12:     layout_basic, ebering_ghost_disaster_area, serial_shops,
          nicolae_shop_tiny_waterfront, minivault_27, uniq_nergalle
D:13:     layout_basic, uniq_maurice, uniq_azrael
D:14:     layout_layer_cave, david_vaults_4
D:15:     grunt_enter_depths_magical_seal, layout_irregular_city,
          corexii_hall_statues_l
Lair:1:   layout_roguey, gauntlet_entry_generic
Lair:2:   layout_roguey, minmay_swamp_entry_wisps, grunt_megastairs_2,
          lemuel_fruit_fields
Lair:3:   layout_roguey [special_room_bee], minmay_snake_entry_six_corridors,
          dpeg_oklob_1, lemuel_fruit_tree
Lair:4:   layout_loops_ring, grunt_megastairs_3, uniq_kirke
Lair:5:   grunt_lair_end_beastmaster, layout_regular_city, slime_entry_1,
          infiniplex_staircase_pool_2, serial_bayou_shore_a
Swamp:1:  layout_basic_swamp, portal_ice_cave_entry_ice_statue_one,
          lemuel_altar_in_water
Swamp:2:  layout_basic_swamp, evilmike_swamp_ruin_rubble_1, uniq_nikola
Swamp:3:  nicolae_swamp_husk_halls, layout_basic_swamp,
          evilmike_swamp_ruin_house_4, swamp_pool_1_2,
          nicolae_swamp_tree_isthmus, infiniplex_staircase_pool
Swamp:4:  swamp_fiery, layout_basic_swamp, swamp_pool_3, hangedman_swamp_lotus,
          uniq_donald
Snake:1:  layout_onion, basic_altar, uniq_aizul
Snake:2:  layout_chambers, nicolae_snake_gridmaze_entwining
Snake:3:  layout_chambers, nicolae_snake_guarding_the_ruins, grunt_megastairs_1
Snake:4:  hellmonk_snake_rune_quicksilver_temple, layout_chambers, serial_shops,
          nicolae_square_shop, statue_in_the_mist_lemuel
Orc:1:    layout_diamond_mine, uniq_fannar
Orc:2:    st_orc_open, layout_caves
Vaults:1: st_diamondy, grunt_vaults_funnel, vaults_room_pools, vaults_mumra_hex,
          v_rooms_2, v_misc_18, ontoclasm_vaults_claustrophobia,
          nicolae_vaults_specimen_jars, nicolae_vaults_tetromino_L_1,
          nicolae_vaults_door_testing_chamber, layout_vaults_chaotic_city,
          uniq_asterion
Vaults:2: grunt_vaults_diagonal, minmay_crypt_entry_necro_gods,
          nicolae_vaults_little_ls, v_misc_4, nicolae_vaults_wine_cellar,
          vaults_mumra_hexcomb, nicolae_vaults_what_the_h,
          nicolae_vaults_double_plus_2, ontoclasm_vaults_eye,
          nicolae_vaults_rhombus_5, layout_vaults_omnigrid
Vaults:3: v_pattern_2, vaults_mumra_minichess_inversion,
          nicolae_vaults_more_shelving_1, hangedman_vaults_unwind,
          hangedman_vaults_stretched_pinwheel, ontoclasm_vaults_tryst,
          vaults_mumra_lcd, v_misc_23, hangedman_vaults_maws, vaults_dpeg_hooks,
          ontoclasm_vaults_spin, vaults_room_stairs_pillars, layout_vaults_ring,
          uniq_margery
Vaults:4: portal_desolation_entry_holy_temple, hangedman_vaults_slither,
          nicolae_vaults_rhombus_7, vaults_standard_mumra_enter_the_diamond,
          v_misc_12, nicolae_vaults_shipping_containers_5,
          vaults_room_large_hall, nicolae_vaults_trapezoid_4,
          nicolae_vaults_doubleplus_tesselated, layout_vaults_omnicross
Vaults:5
Depths:1: layout_twisted_cross, hellmouth_1, rand_demon_pan_entry_4,
          minmay_fire_ice_demons, minmay_shop_star
Depths:2: minmay_curly_fans, layout_basic, nicolae_trove_entry_diagonal,
          grunt_hell_entry_dis_old, minivault_11, pan_entry, uniq_enchantress
Depths:3: kennysheep_scales, layout_cave_pools, hell_entry,
          corexii_leaking_fountain, minmay_room_of_horrors, uniq_norris
Depths:4: grunt_zot_entry_pinwheel, layout_cave_pools, enter_ziggurat_f,
          grunt_mini_vestibule, nicolae_vehumet_radiance,
          minmay_misc_feat_nine_boxes, nicolae_wooded_promenade,
          tekkud_shop_of_orbs, uniq_frederick
Zot:1:    layout_cathedral_of_symmetry, regret_index_zotdec_alabaster_prism,
          regret_index_zotdec_twisting_globes, uniq_grunn
Zot:2:    layout_cathedral_of_symmetry
Zot:3:    layout_onion_interference, grunt_ministairs_12
Zot:4:    layout_onion
Zot:5:    layout_cellular_growth

Skill      XL: |  1  2  3  4  5  6  7  8  9 10 11 12 13 14 15 16 17 18 19 20 21 22 23 24 |
---------------+-------------------------------------------------------------------------+-----
Polearms       | 3 4 5 6 8 9 12 14 17 19 | 19.7
Fighting       | 4 5 6 7 9 10 12 15 17 20 21 | 21.0
Shapeshifting  | 5 13 17 21 23 25 27 | 27.0
Unarmed Combat | 2 5 7 10 12 15 18 21 23 24 25 | 25.4
Dodging        | 2 9 10 13 16 18 | 18.6
Armour         | |  2.1
Shields        | |  3.0

Action                     |  1- 3 |  4- 6 |  7- 9 | 10-12 | 13-15 | 16-18 | 19-21 | 22-24 || total
---------------------------+-------+-------+-------+-------+-------+-------+-------+-------++-------
  Melee: Trident           |    85 |   253 |   310 |   991 |  1423 |   208 |       |       ||  3270
         Halberd           |       |       |       |    17 |       |       |       |       ||    17
         Tailslap          |       |       |       |     3 |     3 |       |       |       ||     6
         Unarmed           |       |       |       |       |       |   591 |   656 |   595 ||  1842
         Punch             |       |       |       |       |       |    23 |    72 |    95 ||   190
  Throw: Dart              |       |     1 |       |     9 |       |       |       |       ||    10
         Throwing net      |       |       |       |     6 |     3 |       |       |       ||     9
 Invoke: Potion Petition   |       |       |     1 |       |     2 |       |     3 |     3 ||     9
         Call Merchant     |       |       |       |     2 |     1 |     2 |       |       ||     5
         Bribe Branch      |       |       |       |       |       |       |       |     2 ||     2
Ability: Blinkbolt         |       |       |       |       |       |    87 |    45 |    33 ||   165
  Evoke: Wand              |     3 |     1 |     3 |    11 |       |       |       |       ||    18
         Sack of spiders   |       |       |       |     2 |     1 |       |       |       ||     3
         Tin of tremorston |       |       |       |       |     3 |       |     2 |       ||     5
         Lightning rod     |       |       |       |       |     3 |       |     4 |       ||     7
    Use: Potion            |     1 |     3 |     4 |     3 |    10 |     1 |     5 |     7 ||    34
         Scroll            |       |       |    10 |    13 |     9 |     4 |     6 |    17 ||    59
   Stab: Sleeping          |       |       |     2 |    15 |    10 |     2 |     1 |     1 ||    31
         Distracted        |       |       |     2 |     5 |    28 |     7 |     9 |    12 ||    63
         Held in net/web   |       |       |       |     2 |     5 |       |       |       ||     7
         Petrified         |       |       |       |       |     2 |       |       |       ||     2
         Confused          |       |       |       |       |       |     2 |       |       ||     2
 Armour: Scale mail        |    52 |   180 |    64 |       |       |       |       |       ||   296
         Leather armour    |       |       |    95 |   452 |   212 |       |       |       ||   759
         Skin              |       |       |       |       |   884 |   554 |   169 |   127 ||  1734
  Dodge: Dodged            |    39 |    81 |    79 |   244 |   567 |   860 |   779 |   545 ||  3194
  Block: Buckler           |    15 |    52 |    38 |   144 |   423 |   189 |       |       ||   861
         Reflection        |       |       |       |       |    27 |    22 |       |       ||    49
   Form: Statue            |       |       |       |       |     1 |       |       |       ||     1
         Storm             |       |       |       |       |       |     1 |       |       ||     1

Table legend: (Time is in decaauts)
 A = Elapsed time spent in this place.
 B = Non-inter-level travel time spent in this place.
 C = Inter-level travel time spent in this place.
 D = Time resting spent in this place.
 E = Time spent auto-exploring this place.
 F = Levels seen in this place.
 G = Mean time per level.
                   A        B        C        D        E       F      G
               +--------+--------+--------+--------+--------+-----+--------+
         Total |  48690 |  44597 |   4093 |   2508 |  33522 |  48 | 1014.4 |
       Dungeon |  17179 |  14858 |   2321 |    908 |  11145 |  15 | 1145.3 |
          Lair |   7029 |   6454 |    575 |    187 |   5008 |   5 | 1405.8 |
         Swamp |   3020 |   2868 |    152 |    192 |   2216 |   4 |  755.0 |
     Snake Pit |   4917 |   4742 |    175 |      0 |   4115 |   4 | 1229.2 |
  Orcish Mines |   2579 |   2457 |    122 |    654 |   1280 |   2 | 1289.5 |
        Vaults |   7219 |   6946 |    273 |    175 |   5656 |   5 | 1443.8 |
        Depths |   3298 |   2937 |    361 |    228 |   2114 |   4 |  824.5 |
           Zot |   1151 |   1040 |    111 |      0 |    754 |   5 |  230.2 |
       Ossuary |    445 |    445 |      0 |      0 |    225 |   1 |  445.0 |
        Bailey |    433 |    433 |      0 |      0 |    228 |   1 |  433.0 |
    Desolation |    834 |    834 |      0 |      0 |    552 |   1 |  834.0 |
      Gauntlet |    582 |    582 |      0 |    163 |    226 |   1 |  582.0 |
               +--------+--------+--------+--------+--------+-----+--------+

Top non-repeatable levels by time:
    D:12: 2418 daAuts
Vaults:5: 2224 daAuts
    D:14: 2185 daAuts
   Orc:2: 1904 daAuts
  Lair:5: 1765 daAuts
    D:15: 1737 daAuts
  Lair:3: 1511 daAuts
    D:13: 1496 daAuts
  Lair:2: 1477 daAuts
Vaults:2: 1373 daAuts
 Snake:3: 1328 daAuts
 Snake:4: 1296 daAuts
Vaults:1: 1279 daAuts
  Lair:4: 1258 daAuts
 Swamp:4: 1234 daAuts
